[Event "ICC tourney 2488 (120 10)"]
[Site "Internet Chess Club"]
[Date "2021.04.02"]
[Round "2"]
[White "VISHWA, SUSHEEL:sushivishwa"]
[Black "AYYAPPAN, SANTHOSH:SanthoshA"]
[Result "1-0"]
[ICCResult "Black checkmated"]
[WhiteElo "1738"]
[BlackElo "1661"]
[Opening "Giuoco Piano: Anderssen variation"]
[ECO "C54"]
[NIC "IG.02"]
[Time "16:17:54"]
[PlyCount "107"]
[TimeControl "7200+10"]

1. e4 e5 2. Nf3 Nc6 3. Bc4 Bc5 4. c3 Nf6 5. d4 exd4 6. e5 d5 7. Bb5 Ne4 8.
cxd4 Bb4+ 9. Bd2 Bxd2+ 10. Nbxd2 Nxd2 11. Qxd2 Bd7 12. Rc1 O-O 13. Bxc6
Bxc6 14. O-O Re8 15. Rc3 f6 16. Rfc1 f5 17. Qf4 g6 18. Ng5 h6 19. Nf3 Kg7
20. h4 Qd7 21. Ne1 a5 22. Nd3 Rad8 23. Nc5 Qe7 24. Rg3 Kh7 25. h5 g5 26.
Qxf5+ Kh8 27. Qg4 b6 28. Nd3 Bd7 29. Qd1 Bf5 30. Rc6 Qh7 31. Ne1 Re6 32.
Rgc3 Rxc6 33. Rxc6 Re8 34. Qc1 Re7 35. f3 Be6 36. Qc2 Bf5 37. Qc1 Be6 38.
g4 Qf7 39. Kg2 Qh7 40. Qc2 Qg7 41. Nd3 Qh7 42. Nf2 Qg7 43. Nd1 Qf7 44. Ne3
Kg8 45. Nf5 Bxf5 46. Qxf5 Qxf5 47. gxf5 Rf7 48. f6 Kf8 49. Kg3 Ke8 50. Kg4
Kf8 51. Kf5 Ke8 52. e6 Rf8 53. Rxc7 b5 54. Rc8# { Black checkmated } 1-0

[Event "ICC tourney 2488 (120 10)"]
[Site "Internet Chess Club"]
[Date "2021.04.02"]
[Round "2"]
[White "Ananth, Ananya:Ananya22609"]
[Black "CHERUKURI, DEVESH:Deveshc"]
[Result "1-0"]
[ICCResult "Black checkmated"]
[WhiteElo "1637"]
[BlackElo "1520"]
[Opening "Sicilian: Alapin's variation (2.c3)"]
[ECO "B22"]
[NIC "SI.46"]
[Time "16:17:43"]
[PlyCount "69"]
[TimeControl "7200+10"]

1. e4 c5 2. c3 Nf6 3. e5 Nd5 4. Nf3 Nc6 5. Bc4 Nb6 6. Bb3 d6 7. exd6 Qxd6
8. d4 cxd4 9. cxd4 Bg4 10. Be3 e6 11. O-O Be7 12. Nc3 a6 13. Rc1 O-O 14.
Qe2 Rfd8 15. Rfd1 Nd5 16. h3 Nxc3 17. bxc3 Bh5 18. d5 exd5 19. Bb6 Re8 20.
Rxd5 Qg6 21. Bc2 Bxf3 22. Qxf3 Ne5 23. Rxe5 Qxb6 24. Qe2 Kf8 25. Re1 Qd8
26. Qh5 h6 27. Qf3 Qc7 28. Qe4 g6 29. Qe3 h5 30. Qh6+ Kg8 31. Bxg6 fxg6 32.
Qxg6+ Kf8 33. Rf5+ Bf6 34. Rxf6+ Qf7 35. Rxf7# { Black checkmated } 1-0

[Event "ICC tourney 2488 (120 10)"]
[Site "Internet Chess Club"]
[Date "2021.04.02"]
[Round "2"]
[White "GUNN, HAN:Han366"]
[Black "Martinez, Abraham:Pugnacious"]
[Result "1-0"]
[ICCResult "Black resigns"]
[WhiteElo "1700"]
[BlackElo "1614"]
[Opening "QGD: exchange, positional line"]
[ECO "D35"]
[NIC "QO.16"]
[Time "16:18:03"]
[PlyCount "47"]
[TimeControl "7200+10"]

1. d4 d5 2. c4 e6 3. Nc3 Nf6 4. cxd5 exd5 5. Bg5 Be7 6. e3 O-O 7. Bd3 h6 8.
Bh4 b6 9. Nge2 Bb7 10. O-O c5 11. Rc1 Nbd7 12. Bb1 Ne4 13. Bxe7 Qxe7 14.
dxc5 Ndxc5 15. Nxd5 Qe5 16. Ndf4 Rfd8 17. Nd4 g5 18. Nd3 Qd5 19. Nb4 Qe5
20. Qg4 h5 21. Qxh5 Kg7 22. f4 Qf6 23. fxg5 Qxg5 24. Rxf7+ { Black resigns
} 1-0

[Event "ICC tourney 2488 (120 10)"]
[Site "Internet Chess Club"]
[Date "2021.04.02"]
[Round "2"]
[White "XIE, DAVID:davidtxie"]
[Black "RAMKUMAR, ADITYA:aditya7708"]
[Result "1/2-1/2"]
[ICCResult "Game drawn by mutual agreement"]
[WhiteElo "1696"]
[BlackElo "1627"]
[Opening "Sicilian: Najdorf, 7...Be7 main line"]
[ECO "B99"]
[NIC "SI.09"]
[Time "16:17:43"]
[PlyCount "78"]
[TimeControl "7200+10"]

1. e4 c5 2. Nf3 d6 3. d4 cxd4 4. Nxd4 Nf6 5. Nc3 a6 6. Bg5 e6 7. f4 Be7 8.
Qf3 Nbd7 9. O-O-O Qc7 10. g4 b5 11. Bxf6 gxf6 12. f5 Ne5 13. Qh3 b4 14.
Nce2 exf5 15. gxf5 Bb7 16. Bg2 Rc8 17. Nf4 a5 18. Qb3 Qd7 19. Nd5 Bxd5 20.
Qxd5 O-O 21. Rhg1 Kh8 22. Bf3 Rc5 23. Qb3 a4 24. Qe3 Rcc8 25. Rg2 Rg8 26.
Rg3 Rg5 27. Rdg1 Rcg8 28. Be2 Qb7 29. Nf3 Nxf3 30. Qxf3 Rxg3 31. hxg3 Qa7
32. Rh1 a3 33. Qb3 axb2+ 34. Kxb2 Qd4+ 35. Kb1 Qxe4 36. Bf3 Qe5 37. Qxf7
Rg7 38. Qe8+ Rg8 39. Qh5 Rg7 { Game drawn by mutual agreement } 1/2-1/2

[Event "ICC tourney 2488 (120 10)"]
[Site "Internet Chess Club"]
[Date "2021.04.02"]
[Round "2"]
[White "Chen, GEORGE YIMING:oceanicboa"]
[Black "LIAO, CAITLIN:che8642"]
[Result "1/2-1/2"]
[ICCResult "Game drawn by mutual agreement"]
[WhiteElo "1706"]
[BlackElo "1530"]
[Opening "Sicilian: closed"]
[ECO "B23"]
[NIC "SI.44"]
[Time "16:17:42"]
[PlyCount "62"]
[TimeControl "7200+10"]

1. e4 c5 2. Nc3 d6 3. f4 Nf6 4. Nf3 Nc6 5. Bc4 e6 6. d3 Be7 7. O-O O-O 8.
Qe1 a6 9. e5 Nd7 10. Qg3 b5 11. Bb3 Bb7 12. f5 Ndxe5 13. Nxe5 Nxe5 14. fxe6
fxe6 15. Bxe6+ Kh8 16. Rxf8+ Qxf8 17. Be3 Qf6 18. Bd5 Bxd5 19. Nxd5 Qf7 20.
Nxe7 Qxe7 21. Rf1 Rf8 22. Rxf8+ Qxf8 23. Bf4 Qf6 24. Bxe5 Qxe5 25. Qxe5
dxe5 26. Kf2 Kg8 27. Ke3 Kf7 28. Ke4 Ke6 29. g4 g6 30. h4 a5 31. c3 b4 {
Game drawn by mutual agreement } 1/2-1/2

[Event "ICC tourney 2488 (120 10)"]
[Site "Internet Chess Club"]
[Date "2021.04.02"]
[Round "2"]
[White "Martinez, Abel:abelMZ084"]
[Black "TANG, VINCENT:VincentT2008"]
[Result "1-0"]
[ICCResult "Black resigns"]
[WhiteElo "1581"]
[BlackElo "1744"]
[Opening "Pirc: Byrne variation"]
[ECO "B07"]
[NIC "PU.09"]
[Time "16:17:42"]
[PlyCount "79"]
[TimeControl "7200+10"]

1. d4 Nf6 2. Nc3 g6 3. e4 d6 4. Bg5 Bg7 5. e5 dxe5 6. dxe5 Qxd1+ 7. Rxd1
Nfd7 8. f4 h6 9. Bh4 c6 10. Nf3 Nc5 11. Bc4 Be6 12. Bxe6 Nxe6 13. g3 Nd7
14. O-O g5 15. fxg5 hxg5 16. Nxg5 Nxg5 17. Bxg5 Bxe5 18. Rf3 f6 19. Bf4
O-O-O 20. b3 Bxf4 21. Rxf4 Ne5 22. Kg2 Rxd1 23. Nxd1 Rd8 24. Ne3 c5 25. c4
Rd3 26. Nd5 Kd7 27. h4 Rd1 28. h5 b5 29. h6 Rd2+ 30. Kh3 Nf7 31. Rh4 bxc4
32. bxc4 Ng5+ 33. Kg4 Rd4+ 34. Kh5 Rd3 35. Rg4 Nf7 36. Rg7 Ke8 37. Nc7+ Kf8
38. Ne6+ Ke8 39. Rg8+ Kd7 40. Nxc5+ { Black resigns } 1-0

[Event "ICC tourney 2488 (120 10)"]
[Site "Internet Chess Club"]
[Date "2021.04.02"]
[Round "2"]
[White "BENDRE, SOHAN ANUP:sbendre"]
[Black "WANG, CHLOE HEATHER:kittycat35"]
[Result "1/2-1/2"]
[ICCResult "Game drawn by mutual agreement"]
[WhiteElo "1525"]
[BlackElo "1697"]
[Opening "Ruy Lopez: closed, Pilnik variation"]
[ECO "C77"]
[NIC "RL.12"]
[Time "16:17:41"]
[PlyCount "63"]
[TimeControl "7200+10"]

1. e4 e5 2. Nf3 Nc6 3. Bb5 a6 4. Ba4 Nf6 5. d3 b5 6. Bb3 Be7 7. O-O d6 8.
c3 O-O 9. Re1 Na5 10. Bc2 c5 11. Nbd2 Qc7 12. Nf1 h6 13. Ng3 Nh7 14. h3 Be6
15. Qe2 Rac8 16. Nh2 c4 17. Ng4 cxd3 18. Bxd3 Bg5 19. Bxg5 Nxg5 20. Ne3 Nc4
21. Nef5 Bxf5 22. Nxf5 Kh7 23. Bxc4 bxc4 24. Rad1 Rfd8 25. Ne3 Ne6 26. Nd5
Qb7 27. Qc2 Rb8 28. Rd2 Nc5 29. Re3 Qb5 30. Qd1 Na4 31. Rg3 Qd7 32. Qe2 {
Game drawn by mutual agreement } 1/2-1/2

[Event "ICC tourney 2488 (120 10)"]
[Site "Internet Chess Club"]
[Date "2021.04.02"]
[Round "2"]
[White "Kashyap, Mahati B:mnm1"]
[Black "XIONG, LANG:langlglang"]
[Result "0-1"]
[ICCResult "White resigns"]
[WhiteElo "1580"]
[BlackElo "1644"]
[Opening "Caro-Kann: classical variation"]
[ECO "B18"]
[NIC "CK.10"]
[Time "16:17:42"]
[PlyCount "136"]
[TimeControl "7200+10"]

1. e4 c6 2. d4 d5 3. Nc3 dxe4 4. Nxe4 Bf5 5. Ng3 Bg6 6. Nf3 Nf6 7. h4 h6 8.
Ne5 Bh7 9. Bd3 Bxd3 10. Qxd3 Nbd7 11. Ng6 Rg8 12. c3 Nc5 13. Qc2 Ne6 14.
Ne5 Nd7 15. Qh7 Nf6 16. Qf5 c5 17. h5 cxd4 18. Nxf7 Qb6 19. Qg6 Kd7 20.
Ne5+ Kc7 21. O-O Rd8 22. Nf7 Rd5 23. Re1 d3 24. Be3 Qxb2 25. Reb1 Qa3 26.
Rb3 Qa5 27. Rab1 b5 28. Ne4 Qxa2 29. Rxb5 d2 30. Rb7+ Kc6 31. Nxd2 Rxd2 32.
Bxd2 Qxd2 33. Ne5+ Kd5 34. R1b5+ Nc5 35. Nd7 Qc1+ 36. Kh2 Qf4+ 37. Qg3
Qxg3+ 38. fxg3 Nxd7 39. Rxd7+ Kc6 40. Rxc5+ Kxc5 41. Rxa7 g6 42. g4 gxh5
43. gxh5 e6 44. Ra6 Bd6+ 45. Kg1 Rg3 46. c4 Rc3 47. Ra8 Bg3 48. Rc8+ Kd4
49. Kf1 Re3 50. Rd8+ Kxc4 51. Rc8+ Kd5 52. Rd8+ Ke4 53. Rd1 Kf5 54. Ra1 Kg5
55. Ra5+ e5 56. Ra1 Kxh5 57. Rb1 Kg4 58. Rc1 h5 59. Rb1 h4 60. Rc1 Re1+ 61.
Rxe1 Bxe1 62. Kxe1 Kg3 63. Kf1 e4 64. Kg1 e3 65. Kf1 e2+ 66. Kxe2 Kxg2 67.
Ke3 h3 68. Kf4 h2 { White resigns } 0-1

[Event "ICC tourney 2488 (120 10)"]
[Site "Internet Chess Club"]
[Date "2021.04.02"]
[Round "2"]
[White "Kashyap, Manish B:mnm2"]
[Black "BRUDNO, STEPHEN:StevChess01"]
[Result "0-1"]
[ICCResult "White forfeits on time"]
[WhiteElo "1541"]
[BlackElo "1661"]
[Opening "Sicilian: O'Kelly variation"]
[ECO "B28"]
[NIC "SI.43"]
[Time "16:17:58"]
[PlyCount "142"]
[TimeControl "7200+10"]

1. e4 c5 2. Nf3 a6 3. d4 cxd4 4. Nxd4 Nf6 5. f3 e5 6. Nb3 Nc6 7. c4 Bb4+ 8.
Nc3 d6 9. Be3 Bxc3+ 10. bxc3 O-O 11. Be2 Qc7 12. O-O Be6 13. Qd2 Ne8 14.
Rfd1 f6 15. Qb2 Nd8 16. Nd2 Bf7 17. Rab1 Qc6 18. Qb6 Nc7 19. Rb2 Nce6 20.
Nb3 Qc8 21. Na5 Nc5 22. Qxd6 Na4 23. Rc2 b6 24. Bxb6 Nxb6 25. Qxb6 Re8 26.
c5 Rb8 27. Qxa6 Qxc5+ 28. Kf1 Re6 29. Nb3 Rxa6 30. Nxc5 Rxa2 31. Rxa2 Bxa2
32. Kf2 Bf7 33. Rc1 h6 34. Ke3 Rc8 35. Nd3 g5 36. g4 Ne6 37. Kd2 Nf8 38.
Nb4 Ng6 39. Nd5 Kg7 40. c4 Nf4 41. Nxf4 gxf4 42. Kc3 h5 43. h3 hxg4 44.
hxg4 Kf8 45. Ra1 Rc7 46. Ra8+ Ke7 47. Ra5 Kd7 48. c5 Ke7 49. Kb4 Be8 50.
Bb5 Bf7 51. Bc4 Be8 52. Bd5 Bd7 53. Ra6 Rc8 54. c6 Be8 55. Kc5 Rb8 56. Ra7+
Kf8 57. c7 Rb5+ 58. Kc4 Rb1 59. Ra8 Rc1+ 60. Kb3 Rxc7 61. Rb8 Ke7 62. Rb6
Bf7 63. Kb4 Bxd5 64. exd5 Rc1 65. Re6+ Kf7 66. Rc6 Rf1 67. Rc3 e4 68. fxe4
f3 69. Rc7+ Ke8 70. d6 f2 71. Rc8+ Kd7 { White forfeits on time } 0-1

[Event "ICC tourney 2488 (120 10)"]
[Site "Internet Chess Club"]
[Date "2021.04.03"]
[Round "3"]
[White "Kashyap, Manish B:mnm2"]
[Black "Kashyap, Mahati B:mnm1"]
[Result "1/2-1/2"]
[ICCResult "Game drawn by mutual agreement"]
[WhiteElo "1541"]
[BlackElo "1580"]
[Opening "Sicilian: Prins (Moscow) variation"]
[ECO "B55"]
[NIC "SI.01"]
[Time "11:03:07"]
[PlyCount "89"]
[TimeControl "7200+10"]

1. e4 c5 2. Nf3 d6 3. d4 cxd4 4. Nxd4 Nf6 5. f3 Nc6 6. c4 e6 7. Nc3 Be7 8.
Be3 O-O 9. Be2 a5 10. a3 Bd7 11. O-O Rc8 12. Rc1 Nxd4 13. Bxd4 Re8 14. Qd2
a4 15. Bxf6 Bxf6 16. Qxd6 Bc6 17. Qxd8 Rexd8 18. Rfd1 Bd4+ 19. Kf1 g6 20.
Rd3 e5 21. Rcd1 Kf8 22. Nb5 Bxb5 23. cxb5 Rc7 24. g3 Rdc8 25. R1d2 Rc1+ 26.
Bd1 Rb1 27. Ke2 Rcc1 28. f4 Bxb2 29. fxe5 Bxe5 30. Bxa4 Rc4 31. Bc2 Rb2 32.
Kd1 Kg7 33. Rf2 Rxe4 34. Rxf7+ Kxf7 35. Rf3+ Ke6 36. Bxe4 Rxb5 37. Kd2 Rb2+
38. Kd3 Rb3+ 39. Kc4 Rxf3 40. Bxf3 b6 41. Kb5 Bd4 42. a4 h6 43. h3 g5 44.
g4 Kd6 45. a5 { Game drawn by mutual agreement } 1/2-1/2

[Event "ICC tourney 2488 (120 10)"]
[Site "Internet Chess Club"]
[Date "2021.04.03"]
[Round "3"]
[White "CAO, RAY:rcww2020"]
[Black "VISHWA, SUSHEEL:sushivishwa"]
[Result "0-1"]
[ICCResult "White resigns"]
[WhiteElo "1686"]
[BlackElo "1738"]
[Opening "Giuoco Pianissimo: Italian four knights variation"]
[ECO "C26"]
[NIC "VG.02"]
[Time "11:03:04"]
[PlyCount "50"]
[TimeControl "7200+10"]

1. e4 e5 2. Bc4 Nf6 3. Nc3 Bc5 4. d3 Nc6 5. Nf3 d6 6. a3 h6 7. Na4 Bb6 8.
Nxb6 axb6 9. h3 Be6 10. Bxe6 fxe6 11. O-O O-O 12. b4 Nxb4 13. Bb2 Nc6 14.
Qd2 Qe8 15. Rfe1 Nh5 16. Kh2 Nf4 17. Rg1 Qh5 18. Qe3 Nxh3 19. Nh4 Nxg1 20.
Qg3 Ne2 21. Qh3 Rxf2 22. Qxe6+ Kh7 23. Qh3 Raf8 24. Re1 Nf4 25. Qg3 Rxg2+ {
White resigns } 0-1

[Event "ICC tourney 2488 (120 10)"]
[Site "Internet Chess Club"]
[Date "2021.04.03"]
[Round "3"]
[White "POWERS, LEON:PKAYLA"]
[Black "ZHU, RYAN:Ryan123455"]
[Result "1-0"]
[ICCResult "Black resigns"]
[WhiteElo "1714"]
[BlackElo "1684"]
[Opening "Queen's pawn: London system"]
[ECO "A45"]
[NIC "QP.07"]
[Time "11:03:28"]
[PlyCount "69"]
[TimeControl "7200+10"]

1. d4 Nf6 2. Bf4 g6 3. e3 Bg7 4. h3 d6 5. Be2 Nbd7 6. Nf3 b6 7. O-O Bb7 8.
c4 O-O 9. Nc3 Re8 10. Qc2 c5 11. d5 Nh5 12. Bh2 e5 13. dxe6 Rxe6 14. Rad1
Ne5 15. Nxe5 Bxe5 16. Bxh5 Bxh2+ 17. Kxh2 gxh5 18. Nd5 Rg6 19. Qe4 Re6 20.
Qf4 Bxd5 21. Rxd5 Qf6 22. Qxf6 Rxf6 23. Rxh5 a6 24. Rd5 b5 25. b3 b4 26.
Kg3 a5 27. Rfd1 Ra6 28. f4 Re6 29. Kf3 Kf8 30. e4 f6 31. g4 Kf7 32. h4 h6
33. f5 Re7 34. Rxd6 Rxd6 35. Rxd6 { Black resigns } 1-0

[Event "ICC tourney 2488 (120 10)"]
[Site "Internet Chess Club"]
[Date "2021.04.03"]
[Round "3"]
[White "TANG, VINCENT:VincentT2008"]
[Black "ZHANG, FRED:Fredzhang"]
[Result "1/2-1/2"]
[ICCResult "Game drawn by mutual agreement"]
[WhiteElo "1744"]
[BlackElo "1574"]
[Opening "QGD: Marshall defense"]
[ECO "D06"]
[NIC "QP.08"]
[Time "11:03:12"]
[PlyCount "73"]
[TimeControl "7200+10"]

1. d4 d5 2. c4 Nf6 3. Nc3 Nc6 4. cxd5 Nxd5 5. e4 Nxc3 6. bxc3 e6 7. Nf3 Be7
8. Bd3 O-O 9. O-O b6 10. Bc2 Bb7 11. Qd3 f5 12. exf5 exf5 13. Re1 Bd6 14.
Ng5 Na5 15. Qh3 h6 16. Ne6 Qd7 17. Bxh6 gxh6 18. Qxh6 Qh7 19. Qg5+ Kh8 20.
f4 Qg8 21. Qh6+ Qh7 22. Qxh7+ Kxh7 23. Nxf8+ Rxf8 24. g3 c5 25. Re6 Rd8 26.
Bxf5+ Kg7 27. Rae1 cxd4 28. cxd4 Bd5 29. R6e2 Kf6 30. Be6 Bb4 31. Rb1 Bxe6
32. Rxb4 Nc6 33. Ra4 Nxd4 34. Re3 Bg4 35. Rxa7 Nf3+ 36. Kf2 Nxh2 37. Re5 {
Game drawn by mutual agreement } 1/2-1/2

[Event "ICC tourney 2488 (120 10)"]
[Site "Internet Chess Club"]
[Date "2021.04.03"]
[Round "3"]
[White "Martinez, Abraham:Pugnacious"]
[Black "TREUSDELL, ROSS G:IveDoneEnough"]
[Result "1-0"]
[ICCResult "Black resigns"]
[WhiteElo "1614"]
[BlackElo "1649"]
[Opening "King's Indian: Torre attack"]
[ECO "A48"]
[NIC "QP.01"]
[Time "11:03:04"]
[PlyCount "81"]
[TimeControl "7200+10"]

1. d4 Nf6 2. Nf3 g6 3. Bg5 Bg7 4. Nbd2 O-O 5. e3 d6 6. Be2 c5 7. c3 Nc6 8.
O-O Qb6 9. Nc4 Qc7 10. d5 Na5 11. Rc1 Nxc4 12. Bxc4 e6 13. b4 exd5 14. Bxd5
Nxd5 15. Qxd5 Be6 16. Qd2 d5 17. Bf4 Qe7 18. Rfd1 Rfd8 19. bxc5 Qxc5 20. c4
Qa3 21. c5 Bg4 22. Bd6 Bxf3 23. gxf3 d4 24. exd4 Qxf3 25. Qe3 Qd5 26. Qb3
Qg5+ 27. Qg3 Qf5 28. Rc3 Re8 29. Re3 Re4 30. Rxe4 Qxe4 31. Qf4 Qc2 32. Rd2
Qb1+ 33. Kg2 Re8 34. Qg4 h5 35. Qf4 Re4 36. Qf3 Rg4+ 37. Bg3 Rxd4 38. Re2
Qb5 39. Re7 f5 40. Rxg7+ Kxg7 41. Be5+ { Black resigns } 1-0

[Event "ICC tourney 2488 (120 10)"]
[Site "Internet Chess Club"]
[Date "2021.04.03"]
[Round "3"]
[White "AYYAPPAN, SANTHOSH:SanthoshA"]
[Black "Ananth, Ananya:Ananya22609"]
[Result "1/2-1/2"]
[ICCResult "Game drawn by mutual agreement"]
[WhiteElo "1661"]
[BlackElo "1637"]
[Opening "Sicilian: Najdorf, 6.Bg5"]
[ECO "B94"]
[NIC "SI.04"]
[Time "11:03:08"]
[PlyCount "116"]
[TimeControl "7200+10"]

1. e4 c5 2. Nf3 d6 3. d4 cxd4 4. Nxd4 Nf6 5. Nc3 a6 6. Bg5 Nbd7 7. Be2 Qc7
8. O-O e6 9. Qd2 Be7 10. Rad1 O-O 11. Nb3 b5 12. a3 Bb7 13. f3 Rfd8 14. Bf4
e5 15. Be3 Nb6 16. Bd3 Nc4 17. Bxc4 bxc4 18. Nc1 d5 19. exd5 Nxd5 20. Nxd5
Bxd5 21. Qc3 Bf6 22. Ne2 Qb7 23. Ng3 Rab8 24. Rb1 e4 25. Bd4 Bxd4+ 26. Qxd4
exf3 27. gxf3 Bxf3 28. Qxc4 Qb6+ 29. Rf2 Rd2 30. Rf1 Rbd8 31. Qf4 Rxf2 32.
Rxf2 Rd1+ 33. Nf1 Bd5 34. Qg4 Qg6 35. Qxg6 hxg6 36. Rd2 Rxd2 37. Nxd2 Kf8
38. c4 Bc6 39. b4 Ke7 40. Kf2 f5 41. Nb3 Bb7 42. Nc5 Bc8 43. Ke3 Kd6 44.
Kf4 a5 45. Kg5 axb4 46. axb4 Be6 47. Kxg6 f4 48. Ne4+ Ke5 49. Nd2 Kd4 50.
c5 Ke3 51. Nf1+ Ke2 52. Ng3+ fxg3 53. hxg3 Kd3 54. Kxg7 Kc4 55. Kf6 Bc8 56.
Ke5 Kxb4 57. Kd6 Kb5 58. c6 Kb6 { Game drawn by mutual agreement } 1/2-1/2

[Event "ICC tourney 2488 (120 10)"]
[Site "Internet Chess Club"]
[Date "2021.04.03"]
[Round "3"]
[White "TALWALKAR, VEDANT AMEYA:castle2king"]
[Black "HANNA, JOHN:jHanna"]
[Result "1-0"]
[ICCResult "Black resigns"]
[WhiteElo "1644"]
[BlackElo "1750"]
[Opening "French: Tarrasch, closed variation"]
[ECO "C05"]
[NIC "FR.17"]
[Time "11:03:35"]
[PlyCount "73"]
[TimeControl "7200+10"]

1. e4 e6 2. d4 d5 3. Nd2 Nf6 4. e5 Nfd7 5. Bd3 c5 6. c3 Nc6 7. Ngf3 cxd4 8.
cxd4 Be7 9. O-O O-O 10. Re1 f6 11. exf6 Nxf6 12. b3 Bd6 13. Bb2 Qc7 14. h3
Bd7 15. Rc1 Rae8 16. Ne5 Qb6 17. Ndf3 Bc8 18. a3 Nd7 19. Bxh7+ Kxh7 20.
Ng5+ Kg8 21. Nxd7 Bxd7 22. Qh5 Rf6 23. Qh7+ Kf8 24. Qh8+ Ke7 25. Qxg7+ Kd8
26. Qxf6+ Be7 27. Nxe6+ Kc8 28. Qf7 Qxb3 29. Ng7 Rf8 30. Qxe7 Rxf2 31. Kxf2
Qxb2+ 32. Kg1 Qxd4+ 33. Kh1 Qb2 34. Ne6 Bxe6 35. Qxe6+ Kc7 36. Qf7+ Kb6 37.
Rb1 { Black resigns } 1-0

[Event "ICC tourney 2488 (120 10)"]
[Site "Internet Chess Club"]
[Date "2021.04.03"]
[Round "3"]
[White "THOMAS, MICHAEL G:chesslin"]
[Black "VALE CRUZ, ARMIN:trucker"]
[Result "1-0"]
[ICCResult "Black resigns"]
[WhiteElo "1723"]
[BlackElo "1664"]
[Opening "Queen's pawn, Mason variation"]
[ECO "D00"]
[NIC "QP.08"]
[Time "11:03:16"]
[PlyCount "59"]
[TimeControl "7200+10"]

1. d4 d5 2. Bf4 e6 3. e3 a6 4. Nd2 Nf6 5. Bd3 c5 6. c3 Nbd7 7. Ngf3 b6 8.
Ne5 Bb7 9. Qf3 cxd4 10. exd4 Be7 11. O-O O-O 12. Rfe1 Re8 13. Qh3 Nf8 14.
Re3 b5 15. a3 Qb6 16. g4 g6 17. Qh6 a5 18. Rh3 Red8 19. g5 Ne8 20. Ng4 b4
21. Be5 bxc3 22. bxc3 Ba6 23. Rb1 Qc6 24. Bxa6 Qxa6 25. Bf6 Qa7 26. Nf3
Rab8 27. Re1 Rb3 28. Nfe5 Rc8 29. Qg7+ Nxg7 30. Nh6+ { Black resigns } 1-0

[Event "ICC tourney 2488 (120 10)"]
[Site "Internet Chess Club"]
[Date "2021.04.03"]
[Round "3"]
[White "XIONG, LANG:langlglang"]
[Black "XIE, DAVID:davidtxie"]
[Result "1/2-1/2"]
[ICCResult "Game drawn by mutual agreement"]
[WhiteElo "1644"]
[BlackElo "1696"]
[Opening "Queen's pawn game"]
[ECO "D02"]
[NIC "QP.08"]
[Time "11:03:05"]
[PlyCount "115"]
[TimeControl "7200+10"]

1. d4 d5 2. Nf3 e6 3. g3 c5 4. Bg2 Nc6 5. O-O Nf6 6. b3 cxd4 7. Nxd4 Bc5 8.
e3 O-O 9. Nxc6 bxc6 10. Bb2 Rb8 11. Bd4 Bxd4 12. Qxd4 Qb6 13. Nd2 a5 14.
Qxb6 Rxb6 15. e4 Ba6 16. Rfd1 Be2 17. Re1 Bh5 18. e5 Nd7 19. f4 Bg6 20. c3
Nc5 21. Nf3 a4 22. b4 Na6 23. a3 c5 24. Rac1 Rc8 25. Red1 Bh5 26. h3 Bxf3
27. Bxf3 c4 28. Rd2 Nc7 29. Bd1 Ra6 30. g4 Nb5 31. f5 Rca8 32. Ra2 f6 33.
exf6 gxf6 34. fxe6 Rxe6 35. Bf3 Rd8 36. Rd2 Re5 37. Bd1 Ra8 38. Bf3 Rd8 39.
Bd1 Re3 40. Bxa4 Nxc3 41. Bc6 Rxh3 42. Kg2 Rg3+ 43. Kxg3 Ne4+ 44. Kf4 Nxd2
45. a4 Kf7 46. a5 Nb3 47. Rd1 Ke6 48. a6 c3 49. a7 c2 50. Re1+ Kd6 51. a8=Q
Rxa8 52. Bxa8 c1=Q+ 53. Rxc1 Nxc1 54. Kf5 d4 55. Be4 d3 56. Bxd3 Nxd3 57.
Kxf6 Nxb4 58. Kg7 { Game drawn by mutual agreement } 1/2-1/2

[Event "ICC tourney 2488 (120 10)"]
[Site "Internet Chess Club"]
[Date "2021.04.03"]
[Round "3"]
[White "BRUDNO, STEPHEN:StevChess01"]
[Black "LIAO, CONNOR:che2468"]
[Result "1/2-1/2"]
[ICCResult "Game drawn by mutual agreement"]
[WhiteElo "1661"]
[BlackElo "1488"]
[Opening "QGD semi-Slav"]
[ECO "D43"]
[NIC "SL.03"]
[Time "11:03:24"]
[PlyCount "79"]
[TimeControl "7200+10"]

1. d4 d5 2. c4 c6 3. Nf3 Nf6 4. Nc3 e6 5. Bg5 Nbd7 6. cxd5 exd5 7. e3 Bd6
8. Bd3 O-O 9. Qc2 h6 10. Bh4 Re8 11. O-O Nb6 12. Rac1 Bg4 13. Nd2 Be7 14.
f3 Be6 15. Bf2 Rc8 16. Qb1 Qd7 17. b4 Nc4 18. Nxc4 dxc4 19. Bc2 Nd5 20.
Nxd5 cxd5 21. Bg3 Qb5 22. a3 a5 23. Be1 axb4 24. Bxb4 Bxb4 25. Qxb4 Qxb4
26. axb4 b5 27. Ra1 Ra8 28. Kf2 Bd7 29. Ke2 f5 30. Kd2 g6 31. Rfe1 Bc6 32.
h3 Kf7 33. g4 Kf6 34. Rg1 Rxa1 35. Rxa1 Ra8 36. Rxa8 Bxa8 37. Ke2 Bc6 38.
Kf2 Bd7 39. Kg3 g5 40. Bb1 { Game drawn by mutual agreement } 1/2-1/2

[Event "ICC tourney 2488 (120 10)"]
[Site "Internet Chess Club"]
[Date "2021.04.03"]
[Round "3"]
[White "FLETCHER, ANDREW JAMES:Draconian"]
[Black "Martinez, Abel:abelMZ084"]
[Result "1-0"]
[ICCResult "Black resigns"]
[WhiteElo "1706"]
[BlackElo "1581"]
[Opening "Giuoco Piano"]
[ECO "C54"]
[NIC "IG.02"]
[Time "11:03:15"]
[PlyCount "85"]
[TimeControl "7200+10"]

1. e4 e5 2. Nf3 Nc6 3. Bc4 Bc5 4. c3 Nf6 5. d4 exd4 6. e5 Qe7 7. cxd4 Bb4+
8. Kf1 Ng8 9. a3 Ba5 10. b4 Bb6 11. Nc3 d6 12. Nd5 Qd8 13. Nxb6 axb6 14.
Qb3 Qd7 15. exd6 cxd6 16. Bf4 Nf6 17. Re1+ Kf8 18. d5 Ne7 19. Nd4 Ng6 20.
Bg3 Qd8 21. Nb5 Ne8 22. Qe3 Bf5 23. h4 h5 24. Qxe8+ Qxe8 25. Rxe8+ Rxe8 26.
Nxd6 Ra8 27. Nxf5 Ne7 28. Bd6 Rc8 29. Bxe7+ Kg8 30. Ne3 b5 31. Be2 Rc1+ 32.
Bd1 f5 33. g3 Kf7 34. d6 Ra8 35. Kg2 Rc3 36. Bxh5+ g6 37. Bf3 Raxa3 38.
Bxb7 Ke8 39. Nd5 Rc2 40. Nf6+ Kf7 41. Bd5+ Kg7 42. Ne8+ Kh7 43. d7 { Black
resigns } 1-0

[Event "ICC tourney 2488 (120 10)"]
[Site "Internet Chess Club"]
[Date "2021.04.03"]
[Round "3"]
[White "ZHANG, MULAN JIEMIN:Mulan2009"]
[Black "Chen, GEORGE YIMING:oceanicboa"]
[Result "1/2-1/2"]
[ICCResult "Game drawn by mutual agreement"]
[WhiteElo "1667"]
[BlackElo "1706"]
[Opening "Scandinavian: Icelandic gambit"]
[ECO "B01"]
[NIC "SD.03"]
[Time "11:03:07"]
[PlyCount "44"]
[TimeControl "7200+10"]

1. e4 d5 2. exd5 Nf6 3. c4 e6 4. dxe6 Bxe6 5. Nc3 Bb4 6. d4 Ne4 7. Ne2 Bxc4
8. a3 Bxc3+ 9. bxc3 O-O 10. Qc2 Re8 11. Be3 Nc6 12. Ng3 Bxf1 13. Nxf1 Na5
14. Ng3 Qd5 15. Nxe4 Qxe4 16. Qxe4 Rxe4 17. Rb1 b6 18. Ke2 Rae8 19. Kd3 f5
20. g3 Rd8 21. Rhe1 Nc6 22. Bf4 Rxe1 { Game drawn by mutual agreement }
1/2-1/2